 Dungeon Crawl Stone Soup version 0.17.1-2-g5865329 (webtiles) character file.

51 PossumBlood the Shooter (level 3, 0/24 HPs)
             Began as a High Elf Hunter on Jan 28, 2016.
             Slain by a gnoll
             ... wielding a +1 halberd of protection
              (7 damage)
             ... on level 2 of the Dungeon.
             The game lasted 00:05:07 (1472 turns).

PossumBlood the Shooter (High Elf Hunter)           Turns: 1472, Time: 00:05:07

Health: 0/24       AC:  4    Str: 11    XL:     3   Next: 58%
Magic:  4/4        EV: 12    Int: 14    God:
Gold:   115        SH:  0    Dex: 17    Spells: 0 memorised, 2 levels left

rFire  + . .     SeeInvis .     a - +2 shortbow
rCold  . . .     Clarity  .     c - +0 leather armour
rNeg   . . .     SustAt   .     (shield currently unavailable)
rPois  .         Gourm    .     (no helmet)
rElec  .         Spirit   .     (no cloak)
rCorr  .         Warding  .     n - +0 pair of gloves
rMut   .         Stasis   .     (no boots)
MR     .....                    (no amulet)
Stlth  +.........               o - ring of protection from fire
                                (no ring)

@: confused, not resistant to hostile enchantments, very unstealthy
A: no striking features
a: no special abilities


You were on level 2 of the Dungeon.
You were not hungry.

You visited 1 branch of the dungeon, and saw 2 of its levels.

You collected 115 gold pieces.

Inventory:

Hand Weapons
 a - a +2 shortbow (weapon)
 b - a +0 short sword
Missiles
 d - 21 arrows (quivered)
Armour
 c - a +0 leather armour (worn)
 n - a +0 pair of gloves (worn)
Jewellery
 j - an uncursed ring of teleportation
 o - a ring of protection from fire (right hand)
Scrolls
 m - a scroll of remove curse
Potions
 f - a potion of resistance
 l - a potion of haste {unknown}
 q - a potion of flight
 t - a potion of heal wounds {unknown}
Comestibles
 e - 2 bread rations
 i - 4 fruits


   Skills:
 - Level 2.0 Fighting
 * Level 7.1 Bows
 - Level 2.1 Dodging
 - Level 1.1 Stealth


You had 2 spell levels left.
You didn't know any spells.

Dungeon Overview and Level Annotations

Branches:
Dungeon (2/15)

Altars:
Elyvilon


Message History

You are too injured to fight recklessly!
You are too injured to fight recklessly!
You are too injured to fight recklessly!
You are too injured to fight recklessly!
You are too injured to fight recklessly!
You are too injured to fight recklessly!
You are too injured to fight recklessly!
You are too injured to fight recklessly!
You are too injured to fight recklessly!
You are too injured to fight recklessly!
You are too injured to fight recklessly!
You are too injured to fight recklessly!
You are too injured to fight recklessly!
Drop what? 15/52 slots (_ for help) (? for menu, Esc to quit)
Okay, then.
Drink which item? (? for menu, Esc to quit)
You are confused.
You feel invigorated.
The gnoll hits you from afar with a halberd of protection!
You die...

.....# #.............#.##.......#
.....###.............#..#.##.....
.................................
........########............#....
........##########.....)....#....
............................#....
...............###.#.....>###....
###....................#### #....
###)............@.g.......# #....
.................gg.....#.####.(>
........#####).....(....#....#...
............(#.###......#....#...
...............# ###...(#....#...
.............#######....#....#...
.....................####....#...
.............############....#...
.............# .....[.....#...


You could see 3 gnolls.

Vanquished Creatures
  2 adders (D:2)
  A worm (D:2)
  2 giant geckos (D:1)
  2 goblins (D:2)
  4 hobgoblins (D:2)
  7 bats
  A giant newt (D:2)
  6 kobolds
  3 rats
28 creatures vanquished.

Vanquished Creatures (others)
  A hobgoblin (D:1)
1 creature vanquished.

Grand Total: 29 creatures vanquished

Notes
Turn   | Place    | Note
--------------------------------------------------------------
     0 | D:1      | PossumBlood the High Elf Hunter began the quest for the Orb.
     0 | D:1      | Reached XP level 1. HP: 14/14 MP: 2/2
   444 | D:1      | Reached XP level 2. HP: 17/19 MP: 3/3
   445 | D:1      | Reached skill level 6 in Bows
  1160 | D:2      | Found a white marble altar of Elyvilon.
  1227 | D:2      | Reached XP level 3. HP: 24/24 MP: 4/4
  1411 | D:2      | Reached skill level 7 in Bows
  1472 | D:2      | Slain by a gnoll

Action                   || total
-------------------------++-------
 Fire: Shortbow          ||    82
  Use: Scroll            ||     9
       Potion            ||     1
  Eat: Beef jerky        ||     1
